 Dungeon Crawl Stone Soup version 0.26.1-10-gdfb7c7de75 (webtiles) character file.

Game seed: 16592836559980267205

1518 Revguard the Conjurer (level 8, -1/79 HPs)
             Began as an Ogre Conjurer on Mar 31, 2021.
             Was a Follower of Sif Muna.
             Slain by a killer bee zombie (5 damage)
             ... on level 6 of the Dungeon.
             The game lasted 00:24:41 (6480 turns).

Revguard the Conjurer (Ogre Conjurer)               Turns: 6480, Time: 00:24:41

Health: -1/79      AC:  3    Str: 12    XL:     8   Next: 84%
Magic:  11/14      EV: 10    Int: 20    God:    Sif Muna [*.....]
Gold:   279        SH:  0    Dex:  8    Spells: 6/15 levels left

rFire    . . .     SeeInvis .   e - +4 flail (venom)
rCold    + . .     Faith    .   (no shield)
rNeg     . . .     Spirit   .   a - +0 robe
rPois    .         Reflect  .   d - +0 hat {Will+}
rElec    .         Harm     .   (no cloak)
rCorr    .         Rampage  .   (gloves unavailable)
Will     +....                  (boots unavailable)
Stlth    ++........             (no amulet)
HPRegen  0.00/turn              h - ring of protection from cold
MPRegen  0.14/turn              (no ring)

@: no status effects
A: large, unfitting armour, mutation resistance 1, inhibited regeneration, tough
skin 1
a: Renounce Religion, Channel Magic


You were on level 6 of the Dungeon.
You worshipped Sif Muna.
Sif Muna was aware of your devotion.
You visited 2 branches of the dungeon, and saw 7 of its levels.

You collected 279 gold pieces.

Inventory:

Hand Weapons
 e - a +4 flail of venom (weapon)
Armour
 a - a +0 robe (worn)
 d - a +0 hat of willpower (worn)
Jewellery
 h - a ring of protection from cold (left hand)
Scrolls
 b - 2 scrolls of amnesia
 c - a scroll of fear
 g - 4 scrolls of teleportation
 i - a scroll of enchant armour {unknown}
Potions
 f - a potion of flight
 j - a potion of curing
 k - a potion of degeneration {unknown}
 n - a potion of attraction


   Skills:
 * Level 4.7 Fighting
 * Level 4.4(4.5) Maces & Flails
 + Level 1.2(3.3) Staves
 + Level 3.1 Dodging
 + Level 2.5 Stealth
 * Level 4.4 Spellcasting
 * Level 5.6 Conjurations
 * Level 2.9 Hexes
 * Level 3.1 Invocations


You had 6 spell levels left.
You knew the following spells:

 Your Spells              Type           Power        Failure   Level
a - Dazzling Flash        Conj/Hex       42%          6%          3
b - Searing Ray           Conj           52%          1%          2
c - Fulminant Prism       Conj/Hex       10%          22%         4

Your spell library contained the following spells:

 Spells                   Type           Power        Failure   Level
 Magic Dart               Conj           100%         1%          1
 Iskenderun's Mystic Bla  Conj/Tloc      15%          36%         4


Dungeon Overview and Level Annotations

Branches:
Dungeon (6/15)             Temple (1/1) D:4

Altars:
Ashenzari
Cheibriados
Dithmenos
Elyvilon
Fedhas
Gozag
Hepliaklqana
Kikubaaqudgha
Makhleb
Nemelex Xobeh
Okawaru
Qazlal
Ru
Sif Muna
Trog
Uskayaw
Vehumet
Wu Jian
Xom
Yredelemnul
Zin
The Shining One


Innate Abilities, Weirdness & Mutations

You are too large for most types of armour.
You have tough skin. (AC +1)
You are somewhat resistant to further mutation.
You do not regenerate when monsters are visible.


Message History

The searing ray hits the killer bee zombie!
The killer bee zombie is heavily damaged.
The killer bee zombie hits you.
* * * LOW HITPOINT WARNING * * *
You feel better. The killer bee zombie hits you.
* * * LOW HITPOINT WARNING * * *
The killer bee zombie barely misses you.
You hit the orc.
The orc is poisoned.
The orc is heavily wounded.
The killer bee zombie barely misses you. x2
The orc hits you with a +0 club.
* * * LOW HITPOINT WARNING * * *
You sock the killer bee zombie!
The killer bee zombie is almost destroyed.
The killer bee zombie barely misses you.
The killer bee zombie hits you but does no damage.
The orc hits you with a +0 club.
* * * LOW HITPOINT WARNING * * *
The killer bee zombie hits you.
You die...

.....### ## #.......
.# .......####.#
......#..#.# #
....##.#.# #.
###.....#.# #..
#.....#.#.#
....####.........#
.........Z@).#.###
......##....##.#
.....))(o).(##.#####
.....)##.).)##.#<..#
...). #..))..#.#.###
...) #......#.#.#
... #......#.#.# ..
#......#.#.# .
#......#.#.#


You could see an orc (very poisoned) and a killer bee zombie.

Vanquished Creatures
  Prince Ribbit (D:6)
  Sigmund (D:4)
  2 orc warriors
  A sky beast (D:5)
  A centaur (D:6)
  A big kobold (D:4)
  A bullfrog (D:5)
  A scorpion (D:4)
  4 wights (D:5)
  A bullfrog zombie (D:5)
  2 orc wizards
  3 orc priests
  2 iguanas
  7 gnolls
  7 adders
  2 white imps
  An ooze (D:5)
  A worm (D:2)
  An adder skeleton (D:5)
  2 dart slugs
  3 leopard geckos
  16 orcs
  2 ball pythons
  8 bats
  3 giant cockroaches
  10 goblins
  7 hobgoblins
  14 kobolds
  11 quokkas
  3 frilled lizards
  A giant cockroach zombie (D:5)
  A quokka skeleton (D:5)
  3 rats
124 creatures vanquished.

Vanquished Creatures (others)
  4 fulminant prisms
4 creatures vanquished.

Grand Total: 128 creatures vanquished

Notes
Turn   | Place    | Note
-------+----------+-------------------------------------------
     0 | D:1      | Revguard the Ogre Conjurer began the quest for the Orb.
     0 | D:1      | Reached XP level 1. HP: 16/16 MP: 3/3
   275 | D:1      | Reached XP level 2. HP: 22/24 MP: 5/5
   283 | D:1      | Learned a level 2 spell: Searing Ray
   462 | D:1      | Reached skill level 4 in Conjurations
   712 | D:1      | Reached XP level 3. HP: 32/32 MP: 0/6
  1186 | D:1      | Learned a level 3 spell: Dazzling Flash
  1296 | D:2      | Reached skill level 1 in Fighting
  1365 | D:2      | Reached XP level 4. HP: 39/41 MP: 4/8
  2036 | D:3      | Reached skill level 1 in Maces & Flails
  2037 | D:3      | Reached XP level 5. HP: 48/48 MP: 4/9
  2046 | D:3      | Learned a level 4 spell: Fulminant Prism
  2137 | D:3      | Reached skill level 1 in Hexes
  3104 | D:4      | Found a staircase to the Ecumenical Temple.
  3113 | Temple   | Entered the Ecumenical Temple
  3174 | Temple   | Became a worshipper of Sif Muna the Loreminder
  3321 | D:4      | Reached XP level 6. HP: 50/57 MP: 10/10
  3853 | D:4      | Noticed Sigmund
  3862 | D:4      | Killed Sigmund
  3863 | D:4      | Reached skill level 5 in Conjurations
  3863 | D:4      | Reached skill level 1 in Invocations
  3863 | D:4      | Reached XP level 7. HP: 61/66 MP: 1/12
  4424 | D:5      | Entered Level 5 of the Dungeon
  4550 | D:5      | Gained mutation: You do not regenerate when monsters are
                  | visible. [potion of mutation]
  4550 | D:5      | Gained mutation: You are somewhat resistant to further
                  | mutation. [potion of mutation]
  5018 | D:5      | Found a hazy altar of Hepliaklqana.
  5057 | D:5      | Reached * piety under Sif Muna
  5588 | D:5      | Reached XP level 8. HP: 63/78 MP: 5/13
  5712 | D:5      | Reached skill level 1 in Staves
  6464 | D:6      | Noticed Prince Ribbit
  6475 | D:6      | Killed Prince Ribbit
  6480 | D:6      | Slain by a killer bee zombie

Illustrated notes

Levels and vault maps discovered:
D:1:      minmay_arrival_four_houses, layout_basic
D:2:      layout_basic
D:3:      layout_basic, chequers_serial_rivers_micro_e, st_stairs_7,
          item_on_display_a
D:4:      cheibrodos_thug_alley, layout_loops_cross, temple_green,
          minmay_misc_feat_diagonals, uniq_sigmund
D:5:      layout_basic, nzn_hepliaklqana_mist_gate, guppyfry_early_orc_mine
D:6:      layout_basic, minmay_shop_grid_forest, uniq_prince_ribbit1,
          uniq_eustachio
Temple:   kilobyte_greek_temple

Skill      XL: |  1  2  3  4  5  6  7  8 |
---------------+-------------------------+-----
Conjurations   | 4 5 |  5.6
Fighting       | 1 2 3 4 |  4.7
Maces & Flails | 1 2 3 4 |  4.4
Spellcasting   | 3 4 |  4.4
Hexes          | 1 2 |  2.9
Dodging        | 2 3 |  3.1
Invocations    | 1 2 3 |  3.1
Stealth        | 2 |  2.5
Staves         | 1 |  1.2

Action                   |  1- 3 |  4- 6 |  7- 9 || total
-------------------------+-------+-------+-------++-------
Melee: Club              |    40 |       |       ||    40
       Unarmed           |     3 |       |       ||     3
       Flail             |       |   108 |    47 ||   155
       Quarterstaff      |       |       |    32 ||    32
 Cast: Magic Dart        |    23 |       |       ||    23
       Searing Ray       |     3 |    10 |    18 ||    31
       Dazzling Flash    |       |     5 |     2 ||     7
       Fulminant Prism   |       |       |     4 ||     4
  Use: Scroll            |     7 |     5 |     9 ||    21
       Potion            |     2 |       |     3 ||     5
 Stab: Sleeping          |     1 |       |     1 ||     2
       Invisible         |       |     1 |     2 ||     3
Armor: Robe              |    19 |    34 |    16 ||    69
Dodge: Dodged            |    29 |   101 |    77 ||   207
